 Dungeon Crawl Stone Soup version 0.30-a0-339-g89bb51ec76 (webtiles) character file.

Game seed: 9193912195898518187

25 treertat the Cudgeller (level 3, 0/25 HPs)
             Began as a Meteoran Cinder Acolyte on Oct 31, 2022.
             Was a High Priest of Ignis.
             Succumbed to an adder's poison
             ... on level 2 of the Dungeon.
             The game lasted 00:02:14 (672 turns).

treertat the Cudgeller (Meteoran Cinder Acolyte)     Turns: 672, Time: 00:02:15

Health: 0/25       AC:  2    Str: 15    XL:     3   Next: 35%
Magic:  6/6        EV: 11    Int: 15    God:    Ignis [*****.]
Gold:   4          SH:  0    Dex: 12    Spells: 4/4 levels left

rFire   + . .      SeeInvis .    a - -1 mace (flame)
rCold   . . .      Faith    .    (no shield)
rNeg    . . .      Spirit   .    b - +0 robe
rPois   .          Reflect  .    (no helmet)
rElec   .          Harm     .    (no cloak)
rCorr   .          Rampage  .    (no gloves)
Will    .....                    (no boots)
Stlth   +.........               (no amulet)
HPRegen 0.24/turn                (no ring)
MPRegen 0.10/turn                (no ring)

@: lethally poisoned (0 -> -4), hasted, glowing, very quick
A: sense surroundings 1, otherworldly, glowing, explore regen
a: Renounce Religion, Fiery Armour, Foxfire Swarm, Rising Flame


You were on level 2 of the Dungeon.
You worshipped Ignis.
Ignis was extremely pleased with you.
You visited 1 branch of the dungeon, and saw 2 of its levels.

You collected 4 gold pieces.

Inventory:

Hand Weapons
 a - a -1 mace of flaming (weapon)
Armour
 b - a +0 robe (worn)
Scrolls
 c - 2 scrolls of vulnerability {unknown}
 e - a scroll of silence {unknown}
 f - a scroll of noise {unknown}
 g - a scroll of teleportation {unknown}
Potions
 d - 3 potions of curing


   Skills:
 + Level 3.6 Fighting
 * Level 5.0 Maces & Flails
 + Level 0.6 Dodging
 - Level 1.3 Spellcasting
 - Level 3.6 Fire Magic


You had 4 spell levels left.
You didn't know any spells.
Your spell library contained the following spells:

 Spells                   Type           Power      Damage    Failure   Level
 Scorch                   Fire           22%        2d6       9%          2


Dungeon Overview and Level Annotations

Branches:
Dungeon (2/15) Zot: 718

Altars:


Innate Abilities, Weirdness & Mutations

You passively map a small area around you.
You are easily found by Zot.
You glow in the dark.
You regain HP and MP as you explore.


Message History

The adder bites you. x2
You hit the adder. You burn the adder.
The adder is severely wounded.
The bat barely misses you. The adder bites you.
An adder comes into view.
Okay, then.
You barely miss the adder.
The adder is severely wounded.
The adder hisses angrily.
The adder bites you. The goblin hits you but does no damage.
The bat hits you but does no damage. The adder bites you.
You miss the adder.
The adder is severely wounded.
The bat hits you but does no damage. The bat barely misses you.
The goblin hits you but does no damage. The adder misses you.
The goblin hits you with a +0 dagger.
* * * LOW HITPOINT WARNING * * *
You barely miss the adder.
The adder is severely wounded.
The bat hits you but does no damage.
The adder bites you but does no damage. x2
The goblin barely misses you.
You feel better. The bat closely misses you. The adder bites you.
The goblin barely misses you.
It was a potion of haste.
You feel yourself speed up. The bat hits you but does no damage.
The adder bites you.
* * * LOW HITPOINT WARNING * * *
The adder bites you.
* * * LOW HITPOINT WARNING * * *
You are poisoned.
The adder poisons you! The goblin hits you with a +0 dagger.
* * * LOW HITPOINT WARNING * * *
You miss the adder.
The adder is heavily wounded.
* * * LOW HITPOINT WARNING * * *
You feel sick. The adder barely misses you. The adder closely misses you.
The goblin hits you with a +0 dagger.
* * * LOW HITPOINT WARNING * * *
You barely miss the adder.
The adder is heavily wounded.
You die...

#..##### * ,, , *
*#...#...## , , #.#......#
, , *##.#...... * , ,
#.......# , #.......# * *
* , ###.......# , * *
#.....SSg.# , #.#....@..#
, , ## #....b..# #.
#..)....# .#
####.##.......# ##..,
#.........)...# #..#* ***
#......######## ...#######
#.......##### #........#
#######.....#####........#
#####.....#........#


You could see 2 adders, a goblin and a bat.

Vanquished Creatures
  An adder (D:2)
  A ball python (D:1)
  3 endoplasms
  A giant cockroach (D:1)
  2 goblins
  A quokka (D:1)
  3 frilled lizards (D:1)
  2 kobolds
  A rat (D:1)
15 creatures vanquished.

Notes
Turn   | Place    | Note
-------+----------+-------------------------------------------
     0 | D:1      | treertat the Meteoran Cinder Acolyte began the quest for
                  | the Orb.
     0 | D:1      | Reached XP level 1. HP: 19/19 MP: 3/3
   164 | D:1      | Reached XP level 2. HP: 14/26 MP: 5/5
   494 | D:1      | Glimpsed the power of Zot.
   543 | D:1      | Glimpsed the power of Zot.
   583 | D:1      | Glimpsed the power of Zot.
   593 | D:1      | Touched by the power of Zot.
   617 | D:2      | Reached XP level 3. HP: 14/25 MP: 6/6
   639 | D:2      | Reached skill level 5 in Maces & Flails
   671 | D:2      | HP: 1/25 [goblin/+0 dagger (2)]
   672 | D:2      | Succumbed to an adder's poison

Illustrated notes

Levels and vault maps discovered:
D:1:      dpeg_arrival_stone_temple_mockup, layout_basic
D:2:      layout_rooms, basic_ecumenical_altar, serial_shops, shop

Skill      XL: |  1  2  3 |
---------------+----------+-----
Maces & Flails | 5 |  5.0
Fighting       | |  3.6
Dodging        | |  0.6
Spellcasting   | |  1.3
Fire Magic     | |  3.6

Action                   || total
-------------------------++-------
Melee: Mace              ||    64
  Use: Potion            ||     3
Armor: Robe              ||    36
Dodge: Dodged            ||    41

Table legend: (Time is in decaauts)
 A = Elapsed time spent in this place.
 B = Non-inter-level travel time spent in this place.
 C = Inter-level travel time spent in this place.
 D = Time resting spent in this place.
 E = Time spent auto-exploring this place.
 F = Levels seen in this place.
 G = Mean time per level.
                   A        B        C        D        E       F      G
               +--------+--------+--------+--------+--------+-----+--------+
         Total |    681 |    672 |      9 |    159 |    326 |   2 |  340.5 |
       Dungeon |    681 |    672 |      9 |    159 |    326 |   2 |  340.5 |
               +--------+--------+--------+--------+--------+-----+--------+

Top non-repeatable levels by time:
     D:1: 613 daAuts
     D:2: 68 daAuts
